 Dungeon Crawl Stone Soup version 0.30-a0-614-ge5ea1257c2 (webtiles) character file.

Game seed: 215609960239953073

473 Ijustatesigmund the Chiller (level 7, -6/56 HPs)
             Began as a Barachi Ice Elementalist on Jan 9, 2023.
             Was an Initiate of Makhleb.
             Mangled by a wyvern zombie (10 damage)
             ... on level 5 of the Dungeon.
             The game lasted 00:11:11 (4407 turns).

Ijustatesigmund the Chiller (BaIE)                  Turns: 4407, Time: 00:11:12

Health: -6/56      AC: 14    Str:  9    XL:     7   Next: 10%
Magic:  0/10       EV: 12    Int: 18    God:    Makhleb [......]
Gold:   138        SH:  0    Dex: 12    Spells: 3/10 levels left

rFire   . . .      SeeInvis .    j - +0 falchion
rCold   . . .      Faith    .    (no shield)
rNeg    . . .      Spirit   .    a - +0 robe
rPois   .          Reflect  .    (no helmet)
rElec   .          Harm     .    y - +2 cloak
rCorr   .          Rampage  .    h - +1 pair of gloves
Will    .....                    (no boots)
Stlth   ++                       (no amulet)
HPRegen 0.29/turn                (no ring)
MPRegen 0.12/turn                (no ring)

@: ice-armoured, slow
A: amphibious, slowness 1, strong legs 1, +LOS
a: Hop, Renounce Religion


You were on level 5 of the Dungeon.
You worshipped Makhleb.
Makhleb was noncommittal.
You visited 2 branches of the dungeon, and saw 6 of its levels.

You collected 138 gold pieces.

Inventory:

Hand Weapons
 j - a +0 falchion (weapon)
 k - a +2 dagger of venom
Missiles
 p - a throwing net
Armour
 a - a +0 robe (worn)
 h - a +1 pair of gloves (worn)
 m - a +0 buckler
 u - a +0 crystal plate armour
 y - a +2 cloak (worn)
Wands
 z - a wand of flame (16)
Scrolls
 c - a scroll of torment {unknown}
 e - a scroll of enchant armour
 f - a scroll of enchant weapon
 l - a scroll of identify
 o - 2 scrolls of blinking
 t - a scroll of poison
Potions
 b - a potion of magic
 d - a potion of lignification
 i - a potion of cancellation
 n - 3 potions of brilliance
 s - a potion of attraction {unknown}
 v - a potion of degeneration {unknown}
 x - a potion of ambrosia {unknown}
 A - a potion of might {unknown}


   Skills:
 + Level 5.1 Fighting
 + Level 0.7 Long Blades
 - Level 2.1 Dodging
 - Level 1.7 Stealth
 + Level 0.6 Shields
 - Level 2.1 Spellcasting
 + Level 7.2 Ice Magic
 + Level 2.6 Invocations


You had 3 spell levels left.
You knew the following spells:

 Your Spells              Type           Power      Damage    Failure   Level
a - Freeze                Ice            100%       1d10      1%          1
b - Frozen Ramparts       Ice            54%        1d9       2%          3
c - Ozocubu's Armour      Ice            27%        N/A       2%          3

Your spell library contained the following spells:

 Spells                   Type           Power      Damage    Failure   Level
 Dazzling Flash           Conj/Hex       2%         N/A       47%         3
 Summon Ice Beast         Ice/Summ       14%        N/A       38%         4
 Agony                    Necr           1%         N/A       99%         5
 Silence                  Hex/Air        0%         N/A       99%         5


Dungeon Overview and Level Annotations

Branches:
Dungeon (5/15)             Temple (1/1) D:4

Altars:
Ashenzari
Cheibriados
Dithmenos
Elyvilon
Gozag
Hepliaklqana
Kikubaaqudgha
Makhleb
Nemelex Xobeh
Okawaru
Qazlal
Ru
Trog
Uskayaw
Vehumet
Wu Jian
Xom
Yredelemnul
Zin
The Shining One

Shops:
D:2 =


Innate Abilities, Weirdness & Mutations

You are amphibious.
You cover ground slowly.
You can hop short distances.
You have an extended range of vision and can be seen from far away.


Message History

The wyvern zombie bites you!
You hit the wyvern zombie.
The wyvern zombie is heavily damaged.
The wyvern zombie bites you but does no damage.
You hit the wyvern zombie.
The wyvern zombie is severely damaged.
The wyvern zombie bites you. The wyvern zombie closely misses you.
You barely miss the wyvern zombie.
The wyvern zombie is severely damaged.
The frozen ramparts melt away.
The wyvern zombie closely misses you. The wyvern zombie barely misses you.
You hit the wyvern zombie.
The wyvern zombie is severely damaged.
The wyvern zombie barely misses you.
You barely miss the wyvern zombie.
The wyvern zombie is severely damaged.
The wyvern zombie barely misses you. The wyvern zombie closely misses you.
Casting: Freeze (safe; 1% risk of failure)
Confirm with . or Enter, or press ? or * to list all spells.
Aiming: Freeze (safe; 1% risk of failure)
Press: ? - help, Shift-Dir - straight line, f/p - wyvern zombie
Aim: a wyvern zombie (severely damaged)
You freeze the wyvern zombie but do no damage.
The wyvern zombie completely resists.
The wyvern zombie bites you!
* * * LOW HITPOINT WARNING * * *
Casting: Freeze (safe; 1% risk of failure)
Confirm with . or Enter, or press ? or * to list all spells.
Aiming: Freeze (safe; 1% risk of failure)
Press: ? - help, Shift-Dir - straight line, f/p - wyvern zombie
Aim: a wyvern zombie (severely damaged)
You freeze the wyvern zombie but do no damage.
The wyvern zombie completely resists.
The wyvern zombie bites you!
* * * LOW HITPOINT WARNING * * *
The wyvern zombie closely misses you.
You feel better. The wyvern zombie bites you.
* * * LOW HITPOINT WARNING * * *
You hit the wyvern zombie.
The wyvern zombie is severely damaged.
The wyvern zombie bites you!
You die...

♣.♣...# ♣♣♣
♣.♣♣## #♣ ♣..
♣♣.♣ #.♣ ♣._
♣..♣# ♣.♣ ..
♣♣..#
♣.♣♣.♣♣.♣♣..#
##.♣...♣.♣♣##.#
#....Z♣....# .#
♣@♣♣### # ###


You could see a wyvern zombie.

Vanquished Creatures
  2 ogres (D:4)
  2 hounds (D:4)
  A jelly (D:5)
  An iguana (D:4)
  An orc wizard (D:4)
  Terence (D:2)
  A killer bee zombie (D:5)
  A hound zombie (D:5)
  A gnoll (D:1)
  4 adders (D:4)
  A worm (D:2)
  2 dart slugs
  7 orcs
  6 endoplasms
  3 giant cockroaches
  4 goblins
  5 hobgoblins
  6 ball pythons
  6 bats
  A kobold (D:2)
  5 rats
61 creatures vanquished.

Notes
Turn   | Place    | Note
-------+----------+-------------------------------------------
     0 | D:1      | Ijustatesigmund the Barachi Ice Elementalist began the
                  | quest for the Orb.
     0 | D:1      | Reached XP level 1. HP: 13/13 MP: 3/3
   196 | D:1      | Reached skill level 1 in Fighting
   196 | D:1      | Reached skill level 5 in Ice Magic
   485 | D:1      | Reached XP level 2. HP: 19/21 MP: 1/5
  1115 | D:1      | Reached XP level 3. HP: 27/27 MP: 6/6
  1119 | D:1      | Learned a level 3 spell: Frozen Ramparts
  1268 | D:2      | Noticed Terence
  1275 | D:2      | Killed Terence
  1453 | D:2      | Found Kagrutof's Jewellery Shop.
  1709 | D:2      | Reached XP level 4. HP: 32/34 MP: 7/7
  2222 | D:3      | Reached skill level 6 in Ice Magic
  2828 | D:4      | Found a staircase to the Ecumenical Temple.
  2841 | Temple   | Entered the Ecumenical Temple
  2935 | Temple   | Became a worshipper of Makhleb the Destroyer
  2962 | D:4      | Reached XP level 5. HP: 38/41 MP: 3/8
  3056 | D:4      | Found a broken altar of Ashenzari.
  3056 | D:4      | Found a glowing silver altar of Zin.
  3061 | D:4      | Found a radiant altar of Vehumet.
  3165 | D:4      | Reached skill level 1 in Invocations
  3457 | D:4      | Found a white marble altar of Elyvilon.
  3466 | D:4      | Noticed an ogre
  3483 | D:4      | Killed an ogre
  3484 | D:4      | Reached XP level 6. HP: 39/49 MP: 1/9
  3556 | D:4      | Learned a level 3 spell: Ozocubu's Armour
  3836 | D:4      | Reached skill level 7 in Ice Magic
  4141 | D:5      | Entered Level 5 of the Dungeon
  4211 | D:5      | Reached skill level 5 in Fighting
  4211 | D:5      | Reached XP level 7. HP: 47/56 MP: 2/10
  4359 | D:5      | Found a basalt altar of Yredelemnul.
  4405 | D:5      | HP: 1/56 [wyvern zombie (9)]
  4407 | D:5      | Mangled by a wyvern zombie

Illustrated notes

Levels and vault maps discovered:
D:1:      psy_arrival_radial02, layout_loops_ring, chequers_serial_rivers_room_b
D:2:      layout_loops_ring, serial_shops, nicolae_shop_behind_doors,
          minmay_misc_feat_tower, dk_noncrumbling_2, kennysheep_doodads,
          reono_crystal_passage, uniq_terence
D:3:      layout_loops_corners, skrybe_limestone_x
D:4:      layout_loops_ring, nicolae_elyvilon_peaceful_grove, minitemple,
          minmay_temple_entry_sparse_star, minmay_between
D:5:      layout_loops_ring, nicolae_yredelemnul_corpse_copse, uniq_pikel,
          uniq_crazy_yiuf_cottage
Temple:   eino_wide_crystal_templ

Skill      XL: |  1  2  3  4  5  6 |
---------------+-------------------+-----
Fighting       | 1 2 3 4 5 |  5.1
Ice Magic      | 5 6 7 |  7.2
Invocations    | 2 |  2.6
Long Blades    | |  0.7
Dodging        | |  2.1
Stealth        | |  1.7
Shields        | |  0.6
Spellcasting   | |  2.1

Action                   |  1- 3 |  4- 6 |  7- 9 || total
-------------------------+-------+-------+-------++-------
Melee: Unarmed           |     1 |       |       ||     1
       Dagger            |    37 |    64 |       ||   101
       Punch             |       |     1 |     1 ||     2
       Falchion          |       |       |    39 ||    39
 Cast: Freeze            |    18 |    34 |    12 ||    64
       Frozen Ramparts   |     3 |     8 |     2 ||    13
       Ozocubu's Armour  |       |     2 |     1 ||     3
  Use: Scroll            |       |    14 |       ||    14
       Potion            |       |       |     2 ||     2
 Stab: Sleeping          |     1 |     5 |     1 ||     7
Armor: Robe              |    17 |    20 |    24 ||    61
Dodge: Dodged            |    29 |    54 |    42 ||   125

Table legend: (Time is in decaauts)
 A = Elapsed time spent in this place.
 B = Non-inter-level travel time spent in this place.
 C = Inter-level travel time spent in this place.
 D = Time resting spent in this place.
 E = Time spent auto-exploring this place.
 F = Levels seen in this place.
 G = Mean time per level.
                   A        B        C        D        E       F      G
               +--------+--------+--------+--------+--------+-----+--------+
         Total |   4998 |   4798 |    200 |    731 |   3409 |   6 |  833.0 |
       Dungeon |   4885 |   4693 |    192 |    731 |   3330 |   5 |  977.0 |
        Temple |    112 |    104 |      8 |      0 |     79 |   1 |  112.0 |
               +--------+--------+--------+--------+--------+-----+--------+

Top non-repeatable levels by time:
     D:4: 1343 daAuts
     D:1: 1262 daAuts
     D:2: 1015 daAuts
     D:3: 969 daAuts
     D:5: 294 daAuts
  Temple: 112 daAuts
